 Dungeon Crawl Stone Soup version 0.29-a0-892-g2c4c91d9db (webtiles) character file.

Game seed: 14358518630018768602

132 Pooter the Chopper (level 4, -2/41 HPs)
             Began as a Minotaur Fighter on July 22, 2022.
             Slain by a water moccasin (4 damage)
             ... in a sewer.
             The game lasted 00:13:46 (2701 turns).

Pooter the Chopper (Minotaur Fighter)               Turns: 2701, Time: 00:13:46

Health: -2/41      AC:  6    Str: 23    XL:     4   Next: 92%
Magic:  3/3        EV:  9    Int:  5    God:
Gold:   230        SH:  4    Dex:  9    Spells: 3/3 levels left

rFire   + . .      SeeInvis .   a - +1 war axe
rCold   + . .      Faith    .   c - +0 buckler
rNeg    . . .      Spirit   .   b - +0 scale mail
rPois   .          Reflect  .   (helmet restricted)
rElec   .          Harm     .   n - scarf {rC+ rF+}
rCorr   .          Rampage  .   (no gloves)
Will    .....                   (no boots)
Stlth   ..........              (no amulet)
HPRegen 0.13/turn               (no ring)
MPRegen 0.08/turn               (no ring)

@: mighty, lethally poisoned (-2 -> -12)
A: horns 2, retaliatory headbutt
a: no special abilities


You were in a sewer.
You visited 1 branch of the dungeon, and saw 3 of its levels.
You also visited: Sewer.

You collected 230 gold pieces.

Inventory:

Hand Weapons
 a - a +1 war axe (weapon)
Missiles
 l - 4 poisoned darts
 Q - 23 stones (quivered)
Armour
 b - a +0 scale mail (worn)
 c - a +0 buckler (worn)
 n - a scarf of resistance (worn)
   (You found it on level 2 of the Dungeon)
Scrolls
 e - a scroll of poison {!r}
 f - a scroll of vulnerability {!r}
 m - a scroll of enchant armour
 o - a scroll of noise {!r}
 t - a scroll of teleportation {@r4}
Potions
 g - a potion of curing {unknown}
 h - a potion of lignification {unknown}
 j - a potion of berserk rage {unknown}
 k - a potion of might


   Skills:
 + Level 4.5 Fighting
 * Level 4.7 Axes
 - Level 3.6 Armour
 + Level 2.0 Stealth
 - Level 3.6 Shields


You had 3 spell levels left.
You didn't know any spells.
Your spell library was empty.

Dungeon Overview and Level Annotations

Branches:
Dungeon (3/15)              Sewer (1/1)

Altars:
Ashenzari
Qazlal
Ru

Shops:
D:1 [


Innate Abilities, Weirdness & Mutations

You have a pair of horns on your head.
You reflexively headbutt those who attack you in melee.


Message History

You kill the jackal!
Your Stealth skill increases to level 2!
You enter the shallow water.
Moving in this stuff is going to be slow.
A water moccasin comes into view.
Found 17 gold pieces.
The water moccasin hisses angrily.
Throw: 2 javelins (silver)
Aim: a water moccasin (35% to hit)
You throw a silver javelin.
The silver javelin misses the water moccasin.
Throw: javelin (silver)
Aim: a water moccasin (35% to hit)
You throw a silver javelin.
The silver javelin closely misses the water moccasin.
The water moccasin closely misses you.
You feel very mighty all of a sudden. The water moccasin bites you.
You closely miss the water moccasin. You block the water moccasin's attack.
The water moccasin bites you.
You slice the water moccasin!! The water moccasin bites you.
The water moccasin barely misses you. You furiously retaliate!
You headbutt the water moccasin. You closely miss the water moccasin.
Your headbutt misses the water moccasin.
The water moccasin bites you!
You are poisoned.
The water moccasin poisons you! The water moccasin bites you.
You closely miss the water moccasin.
You feel very sick. The water moccasin barely misses you.
The water moccasin bites you.
* * * LOW HITPOINT WARNING * * *
You are lethally poisoned!
The water moccasin poisons you!
You miss the water moccasin.
Your headbutt misses the water moccasin.
* * * LOW HITPOINT WARNING * * *
You feel extremely sick. The water moccasin barely misses you.
You closely miss the water moccasin.
Your headbutt misses the water moccasin.
* * * LOW HITPOINT WARNING * * *
You feel very sick.
The water moccasin bites you but does no damage.
You block the water moccasin's attack.
You closely miss the water moccasin.
* * * LOW HITPOINT WARNING * * *
You feel very sick. The water moccasin bites you.
You die...

# # ######## #
###......### ##
#S@≈≈..≈...### #.
#≈....####.....###
#. #≈..≈.###
###...≈.###.
.(≈≈≈≈# ##.≈≈....≈
##.≈.≈ #...≈.###.
$≈##.. #...≈.###
#. $ ## .≈.≈.###
#. ....## ## ####
#


You could see a water moccasin.

Vanquished Creatures
  3 gnolls
  4 adders
  A dart slug (D:2)
  3 orcs (D:3)
  8 bats
  4 endoplasms
  4 goblins
  6 hobgoblins
  A jackal (Sewer)
  6 quokkas
  3 ball pythons
  5 frilled lizards
  7 kobolds
  4 rats
59 creatures vanquished.

Notes
Turn   | Place    | Note
-------+----------+-------------------------------------------
     0 | D:1      | Pooter the Minotaur Fighter began the quest for the Orb.
     0 | D:1      | Reached XP level 1. HP: 19/19 MP: 0/0
    20 | D:1      | Found Kehaif's Armour Boutique.
   337 | D:1      | Reached XP level 2. HP: 27/27 MP: 1/1
   506 | D:1      | Found a faded altar of an unknown god.
   640 | D:1      | Reached skill level 1 in Stealth
   640 | D:1      | Reached XP level 3. HP: 13/33 MP: 2/2
  1133 | D:1      | You fall into a shaft and drop 1 floor!
  2042 | D:2      | Reached XP level 4. HP: 31/40 MP: 3/3
  2551 | D:3      | Found a broken altar of Ashenzari.
  2557 | D:3      | Found a sacrificial altar of Ru.
  2572 | D:3      | Found a stormy altar of Qazlal.
  2620 | D:3      | Found a glowing drain.
  2624 | Sewer    | Entered a sewer
  2691 | Sewer    | Noticed a water moccasin
  2701 | Sewer    | HP: 2/41 [poisoned by a water moccasin]
  2701 | Sewer    | Slain by a water moccasin

Illustrated notes

Levels and vault maps discovered:
D:1:      lemuel_arrival_rhombus, layout_basic, serial_shops,
          nicolae_shop_statue_plus, hellmonk_ecumenical_altar_heavens_door
D:2:      minmay_chambers_of_twos, layout_loops_corners
D:3:      layout_loops_cross, jmf_multi_god_temple, nzn_wu_jian_contemplation,
          chequers_temple_overflow_statue_of_worship,
          nicolae_overflow_two_pavilions, gup_sewer_entry_bowl, minmay_circle_x
Sewer:    sewer_the_moccasin

Skill      XL: |  1  2  3  4 |
---------------+-------------+-----
Axes           | 3 4 |  4.7
Fighting       | 4 |  4.5
Stealth        | 1 2 |  2.0
Armour         | |  3.6
Shields        | |  3.6

Action                   |  1- 3 |  4- 6 || total
-------------------------+-------+-------++-------
Melee: War axe           |    63 |    53 ||   116
       Headbutt          |     4 |     5 ||     9
Throw: Stone             |     3 |       ||     3
       Javelin           |       |     2 ||     2
  Use: Scroll            |     5 |     3 ||     8
       Potion            |     1 |     1 ||     2
Armor: Scale mail        |    36 |    18 ||    54
Dodge: Dodged            |    35 |    27 ||    62
Block: Buckler           |    20 |    12 ||    32

Table legend: (Time is in decaauts)
 A = Elapsed time spent in this place.
 B = Non-inter-level travel time spent in this place.
 C = Inter-level travel time spent in this place.
 D = Time resting spent in this place.
 E = Time spent auto-exploring this place.
 F = Levels seen in this place.
 G = Mean time per level.
                   A        B        C        D        E       F      G
               +--------+--------+--------+--------+--------+-----+--------+
         Total |   2750 |   2610 |    140 |    262 |   1868 |   4 |  687.5 |
       Dungeon |   2668 |   2528 |    140 |    218 |   1868 |   3 |  889.3 |
         Sewer |     81 |     81 |      0 |     44 |      0 |   1 |   81.0 |
               +--------+--------+--------+--------+--------+-----+--------+

Top non-repeatable levels by time:
     D:1: 1311 daAuts
     D:2: 1233 daAuts
     D:3: 122 daAuts
   Sewer: 81 daAuts
